 Dungeon Crawl Stone Soup version 0.21.1-1-g345015fe64 (webtiles) character file.

886 Kohma the Ruffian (level 7, -5/71 HPs)
             Began as a Troll Fighter on June 17, 2018.
             Was a Priest of Makhleb.
             Shot with an arrow by something (9 damage)
             ... on level 5 of the Dungeon.
             The game lasted 00:14:31 (3969 turns).

Kohma the Ruffian (Troll Fighter)                   Turns: 3969, Time: 00:14:32

Health: -5/71      AC:  5    Str: 25    XL:     7   Next: 77%
Magic:  8/8        EV: 11    Int:  4    God:    Makhleb [***...]
Gold:   286        SH:  0    Dex: 11    Spells: 6/6 levels left

rFire    . . .     SeeInvis .     - Unarmed
rCold    . . .     Gourm    +   (no shield)
rNeg     . . .     Faith    .   a - +0 robe
rPois    .         Spirit   .   (helmet restricted)
rElec    .         Reflect  .   (no cloak)
rCorr    .         Harm     .   (gloves unavailable)
MR       .....                  (boots unavailable)
Stlth    +.........             (no amulet)
HPRegen  0.61/turn              (no ring)
MPRegen  0.11/turn              (no ring)

@: about to teleport
A: large, unfitting armour, claws 3, fast metabolism 3, gourmand, regeneration
1, shaggy fur 1, tough skin 2
a: Minor Destruction, Lesser Servant of Makhleb, Renounce Religion


You were on level 5 of the Dungeon.
You worshipped Makhleb.
Makhleb was most pleased with you.
You were very full.

You visited 1 branch of the dungeon, and saw 5 of its levels.
You also visited: Sewer.

You collected 286 gold pieces.

Inventory:

Hand Weapons
 r - a cursed -2 hunting sling
Missiles
 m - 5 steel javelins
 s - 8 tomahawks (quivered)
 t - 48 sling bullets
Armour
 a - a +0 robe (worn)
 b - a +0 shield
Jewellery
 i - an uncursed ring of ice
 w - an uncursed ring of protection from fire {unknown}
 B - an uncursed amulet of faith {unknown}
Scrolls
 e - 2 scrolls of remove curse
 f - 3 scrolls of fog
 g - a scroll of noise
 u - 4 scrolls of random uselessness {unknown}
 v - a scroll of blinking
 z - 2 scrolls of identify
 A - 2 scrolls of enchant weapon {unknown}
 C - a scroll of immolation {unknown}
Potions
 c - 3 potions of might
 h - 2 potions of haste {unknown}
 j - 3 potions of flight {unknown}
 k - 3 potions of agility
 l - 2 potions of mutation
 n - 5 potions of heal wounds {unknown}
 o - a potion of brilliance {unknown}
 p - 7 potions of curing {unknown}
 q - 2 potions of magic {unknown}
Comestibles
 d - 10 rations
 x - 3 chunks of flesh


   Skills:
 * Level 4.9 Fighting
 + Level 3.8 Dodging
 - Level 2.4 Shields
 * Level 5.5 Unarmed Combat
 + Level 2.7 Invocations


You had 6 spell levels left.
You didn't know any spells.

Dungeon Overview and Level Annotations

Branches:
Dungeon (5/15)
 Temple: D:4-7

Altars:
Dithmenos
Elyvilon
Kikubaaqudgha
Makhleb
Okawaru
Qazlal
Zin
The Shining One


Innate Abilities, Weirdness & Mutations

You are too large for most types of armour.
You have claws for hands.
Your metabolism is lightning-fast.
You like to eat raw meat.
Your natural rate of healing is unusually fast.
You are covered in fur. (AC +1)
You have very tough skin. (AC +2)


Message History

* * * LOW HITPOINT WARNING * * *
You barely miss something. Something hits you.
* * * LOW HITPOINT WARNING * * *
You claw something! Something hits you but does no damage.
Okay, then.
As you read the scroll of fog, it crumbles to dust.
The scroll dissolves into smoke.
Something hits you but does no damage. x2
Something hits you.
* * * LOW HITPOINT WARNING * * *
As you read the scroll of teleportation, it crumbles to dust.
You feel strangely unstable. Something hits you!
* * * LOW HITPOINT WARNING * * *
Something hits you but does no damage.
You don't have enough health at the moment.
Something hits you but does no damage.
You hear a twanging sound.
An arrow appears from out of thin air!
The arrow barely misses you.
You hear a twanging sound.
An arrow appears from out of thin air!
The arrow hits you!
You die...

#.######.# # #.# #.#######
### ##.######........ ...
###########.........#######
#.# ...............####.#
#.# .##.########..§# #.#
####.# .##.## #§{§####.#
######..... .#)..#
##§§§§....###..........
..)..#
##.§§§.@................
)#÷..#
##.((##########.####.##..
.##### ##.###.## #.# #.##.[
.# #.## #.#### #.# #.##..
.# #[# #....# #.####.##..
.### #.## ##)##.#
#.##...##.. ...#
#..###.###.# #.##.####..
##.# #.#...####.#
#.##.#..... #.#
#.......##.# #.##.#.....


There were no monsters in sight!

Vanquished Creatures
  Eustachio (D:4)
  2 big kobolds (Sewer)
  2 scorpions
  A howler monkey (D:5)
  An orc priest (D:5)
  3 hounds
  An orc wizard (D:5)
  A bullfrog skeleton (D:5)
  2 worker ants
  A hound skeleton (D:5)
  A gnoll (D:4)
  9 adders
  A river rat (Sewer)
  An ooze (D:3)
  An adder skeleton (D:4)
  3 worms
  3 dart slugs (D:1)
  2 leopard geckos
  2 orcs
  4 ball pythons
  3 giant cockroaches
  10 goblins
  6 hobgoblins
  6 jackals
  2 quokkas
  3 bats
  8 frilled lizards
  19 kobolds
  A leopard gecko skeleton (D:4)
  A quokka skeleton (D:4)
  A quokka zombie (D:5)
  30 rats
  2 plants (D:1)
134 creatures vanquished.

Notes
Turn   | Place    | Note
-------+----------+-------------------------------------------
     0 | D:1      | Kohma the Troll Fighter began the quest for the Orb.
     0 | D:1      | Reached XP level 1. HP: 22/22 MP: 0/0
   180 | D:1      | Reached XP level 2. HP: 29/29 MP: 1/1
   730 | D:2      | Reached XP level 3. HP: 29/36 MP: 2/2
   873 | D:2      | Found an ancient bone altar of Kikubaaqudgha.
   875 | D:2      | Found an iron altar of Okawaru.
   875 | D:2      | Found a stormy altar of Qazlal.
   875 | D:2      | Found a glowing silver altar of Zin.
  1027 | D:2      | Found a burning altar of Makhleb.
  1046 | D:2      | Became a worshipper of Makhleb the Destroyer
  1490 | D:3      | Reached skill level 3 in Unarmed Combat
  1492 | D:3      | Found a glowing drain.
  1503 | Sewer    | Entered a sewer
  1601 | Sewer    | Reached XP level 4. HP: 36/45 MP: 3/3
  1606 | Sewer    | Reached * piety under Makhleb
  1706 | Sewer    | Noticed a big kobold
  1719 | Sewer    | Killed a big kobold
  1719 | Sewer    | Reached skill level 1 in Invocations
  1719 | Sewer    | Reached XP level 5. HP: 41/53 MP: 4/4
  1797 | Sewer    | Reached ** piety under Makhleb
  1821 | Sewer    | Reached skill level 4 in Unarmed Combat
  2027 | D:3      | Reached XP level 6. HP: 35/62 MP: 6/6
  2450 | D:3      | Found a glowing golden altar of the Shining One.
  2697 | D:4      | Found a shadowy altar of Dithmenos.
  2767 | D:4      | Reached *** piety under Makhleb
  3051 | D:4      | Noticed Eustachio
  3062 | D:4      | Killed Eustachio
  3062 | D:4      | Reached XP level 7. HP: 71/71 MP: 7/7
  3329 | D:4      | Found a white marble altar of Elyvilon.
  3512 | D:5      | Entered Level 5 of the Dungeon
  3535 | D:5      | Reached skill level 5 in Unarmed Combat
  3967 | D:5      | HP: 3/71 [something (7)]
  3969 | D:5      | Shot with an arrow by something

Skill      XL: |  1  2  3  4  5  6  7 |
---------------+----------------------+-----
Fighting       | 3 4 |  4.9
Unarmed Combat | 3 4 5 |  5.5
Dodging        | 3 |  3.8
Invocations    | 1 2 |  2.7
Shields        | |  2.4

Action                   |  1- 3 |  4- 6 |  7- 9 || total
-------------------------+-------+-------+-------++-------
Melee: Unarmed           |   152 |   163 |    79 ||   394
       Punch             |     1 |     1 |     1 ||     3
  Use: Scroll            |     8 |       |     2 ||    10
  Eat: Chunk             |    11 |    23 |     8 ||    42
Armor: Robe              |    50 |    74 |    17 ||   141
Dodge: Dodged            |    75 |   128 |    34 ||   237
